 Dungeon Crawl Stone Soup version 0.31.0-11-ge490571c62 (webtiles) character file.

Game seed: 12783046983946854524

144 qw the Skirmisher (level 5, 0/29 HPs)
             Began as a Deep Elf Hunter on Feb 3, 2024.
             Succumbed to a gnoll's poison
             ... on level 3 of the Dungeon.
             The game lasted 00:00:10 (2105 turns).

qw the Skirmisher (Deep Elf Hunter)                 Turns: 2105, Time: 00:00:11

Health: 0/29       AC:  8    Str: 10    XL:     5   Next: 5%
Magic:  2/7        EV: 11    Int: 14    God:
Gold:   95         SH:  0    Dex: 18    Spells: 4/4 levels left

rFire   . . .        a - +0 shortbow
rCold   . . .        (shield currently unavailable)
rNeg    . . .        k - +0 ring mail
rPois   .            f - +1 helmet
rElec   .            (no cloak)
rCorr   +            n - +0 pair of gloves
SInv    .            (no boots)
Will    .....        i - amulet of guardian spirit
Stlth   +            p - ring of resist corrosion
HPRegen 0.24/turn    (no ring)
MPRegen 0.10/turn

%: guardian spirit
@: lethally poisoned (0 -> -19)
A: no striking features
a: no special abilities


You were on level 3 of the Dungeon.
You visited 1 branch of the dungeon, and saw 4 of its levels.

You collected 202 gold pieces.
You spent 107 gold pieces at shops.


   Skills:
 - Level 1.5 Fighting
 + Level 8.4 Ranged Weapons
 - Level 2.4 Dodging
 - Level 1.2 Stealth


You had 4 spell levels left.
You didn't know any spells.
Your spell library was empty.

Inventory:

Hand Weapons
 a - a +0 shortbow (weapon)
Armour
 f - a +1 helmet (worn)
 k - a +0 ring mail (worn)
 n - a +0 pair of gloves (worn)
Jewellery
 i - an amulet of guardian spirit (around neck)
 p - a ring of resist corrosion (left hand)
Scrolls
 c - a scroll of teleportation
 j - a scroll of identify
Potions
 d - a potion of cancellation
 e - a potion of mutation
 g - a potion of enlightenment

Dungeon Overview and Level Annotations

Branches:
Dungeon (4/15)
 Temple: D:4-7

Altars:
Makhleb
Zin

Shops:
D:2 [(([*

Annotations:
D:3 2 transporters, Menkaure; qw's ghost, amateur DEHu


Message History

Level annotation: 2 transporters, qw's ghost, amateur DEHu You feel sick.
There is a stone staircase leading down here.
You start resting.
You feel sick. x7
You are no longer poisoned.
Magic restored.
You start resting.
Your extra speed is starting to run out.
You feel yourself slow down.
HP restored.
You climb downwards.
Level annotation: Menkaure A gnoll comes into view.
It is wielding a +0 spear.
The quokka bites you but does no damage.
There is a stone staircase leading up here.
2099 ||| STAIRDANCE The gnoll throws a throwing net.
The throwing net hits you.
You become entangled in the net!
You stop ascending the stairs.
The quokka completely misses you.
You struggle against the net.
The quokka bites you but does no damage.
You struggle against the net.
The quokka bites you but does no damage.
The gnoll hits you from afar with a +2 spear of venom.
You are poisoned.
You struggle against the net.
You feel sick. The quokka bites you. The gnoll barely misses you.
You rip the net and break free!
You feel sick. The quokka closely misses you.
The gnoll hits you from afar with a +2 spear of venom!
You are lethally poisoned!
Menkaure gestures at you while chanting.
Pain shoots through your body! The quokka bites you.
2104 ||| STAIRDANCE You feel very sick.
The gnoll barely misses you. The quokka misses you. Menkaure barely misses you.
You climb upwards.
Level annotation: 2 transporters, qw's ghost, amateur DEHu You die...

.............#................#
...........#.#......#.........#
...........#.#..)...######.####
...........#......<.# ##.##
..#....#.#.##.......# ##...##
..#........##.......# ##.....##
....................###.......#
..####.###.....)......[.).....###
..# #.# ##.....@M............##.
..# #.# #.....(.r|.####.....###.
### #.###....................##.
#..#....#...##..............
##........#.##...)..........
#.#..7P..#.###.........###.
#....PP....##..#......## #.
###..#..........#####....###.
##....##...####### ####......


You could see Menkaure and a quokka.

Vanquished Creatures
  An orc wizard (D:3)
  3 gnolls
  2 adders
  2 dart slugs
  4 orcs (D:3)
  4 bats
  3 endoplasms
  4 giant cockroaches
  6 goblins
  2 hobgoblins
  7 jackals (D:2)
  3 quokkas
  3 ball pythons
  2 frilled lizards
  7 kobolds
  9 rats
62 creatures vanquished.

Notes
Turn   | Place    | Note
-------+----------+-------------------------------------------
     0 | D:1      | qw the Deep Elf Hunter began the quest for the Orb.
     0 | D:1      | Reached XP level 1. HP: 12/12 MP: 3/3
     0 | D:1      | 0 ||| qw: Version: 0.3-a-158-g18b3111
     0 | D:1      | 0 ||| qw: Game counter: 4285
     0 | D:1      | 0 ||| qw: Melee chars always use a shield: true
     0 | D:1      | 0 ||| qw: God list: Okawaru
     0 | D:1      | 0 ||| qw: Allow faded altars: false
     0 | D:1      | 0 ||| qw: Do Orc after clearing Dungeon:15 true
     0 | D:1      | 0 ||| qw: Do second Lair branch before Depths: true
     0 | D:1      | 0 ||| qw: Lair rune preference: random
     0 | D:1      | 0 ||| qw: Goals: Normal
     0 | D:1      | 0 ||| PLANNING D:1-11
   119 | D:1      | Reached XP level 2. HP: 16/16 MP: 4/4
   188 | D:1      | Reached skill level 6 in Ranged Weapons
   491 | D:1      | Reached XP level 3. HP: 20/20 MP: 5/5
   512 | D:1      | 512 ||| UPGRADING to +1 helmet.
   517 | D:1      | 517 ||| READING 2 scrolls labelled TAUBBO GATU.
   517 | D:1      | 517 ||| IDENTIFYING fizzy golden potion
   518 | D:1      | 518 ||| READING scroll of identify.
   518 | D:1      | 518 ||| IDENTIFYING metallic puce potion
   519 | D:1      | 519 ||| READING scroll labelled DAOFEKIMAOMM.
   520 | D:1      | 520 ||| READING scroll labelled BIMNERY DEKH.
   521 | D:1      | 521 ||| DROPPING scroll of butterflies.
   632 | D:2      | Found Laoceff's Armour Emporium.
   633 | D:2      | Noticed an animated gold dragon scales
   634 | D:2      | Noticed an animated plate armour
   646 | D:2      | 646 ||| BUYING +0 ring mail (44 gold).
   646 | D:2      | Bought a +0 ring mail for 44 gold pieces
   715 | D:2      | 715 ||| FLEEEEING.
   717 | D:2      | 717 ||| FLEEEEING.
   718 | D:2      | 718 ||| FLEEEEING.
   719 | D:2      | 719 ||| FLEEEEING.
   721 | D:2      | 721 ||| FLEEEEING.
   722 | D:2      | 722 ||| FLEEEEING.
   926 | D:2      | Found Soepok's Weapon Emporium.
   931 | D:2      | Found Baoqiane's Antique Weapon Shop.
   934 | D:2      | 934 ||| SHOPLISTING +5 shortbow of flaming (356 gold, have
                  | 77).
   978 | D:2      | Reached skill level 7 in Ranged Weapons
  1118 | D:2      | Found Yteop's Armour Shop.
  1125 | D:2      | 1125 ||| BUYING +0 pair of gloves (63 gold).
  1125 | D:2      | Bought a +0 pair of gloves for 63 gold pieces
  1248 | D:2      | Found Xougeu's General Store.
  1270 | D:2      | 1270 ||| SHOPLISTING +0 pair of boots (54 gold, have 31).
  1270 | D:2      | 1270 ||| SHOPLISTING potion of curing (36 gold, have 31).
  1270 | D:2      | 1270 ||| SHOPLISTING scroll of enchant armour (90 gold,
                  | have 31).
  1489 | D:2      | 1489 ||| UPGRADING to +0 scale mail.
  1499 | D:2      | 1499 ||| DROPPING +0 leather armour.
  1500 | D:2      | 1500 ||| UPGRADING to +0 ring mail.
  1510 | D:2      | 1510 ||| DROPPING +0 scale mail.
  1511 | D:2      | 1511 ||| UPGRADING to +0 pair of gloves.
  1516 | D:2      | 1516 ||| UPGRADING to ring of resist corrosion.
  1517 | D:2      | 1517 ||| READING 2 scrolls of identify.
  1517 | D:2      | 1517 ||| IDENTIFYING coppery potion
  1518 | D:2      | 1518 ||| READING scroll of identify.
  1518 | D:2      | 1518 ||| IDENTIFYING bubbling brown potion
  1519 | D:2      | 1519 ||| READING scroll labelled LUETTESATH.
  1520 | D:2      | 1520 ||| READING scroll labelled ETWUITUFAT.
  1525 | D:2      | 1525 ||| READING scroll labelled TIPO APIHATS.
  1526 | D:2      | 1526 ||| DRINKING 2 bubbling puce potions.
  1549 | D:3      | 1549 ||| STAIRDANCE
  1555 | D:3      | 1555 ||| STAIRDANCE
  1565 | D:2      | Reached XP level 4. HP: 25/25 MP: 6/6
  1626 | D:3      | HP: 2/25 [something/magic dart (10)]
  1627 | D:3      | 1627 ||| READING scroll of teleportation.
  1628 | D:3      | 1628 ||| DRINKING potion of heal wounds.
  1687 | D:3      | Reached skill level 8 in Ranged Weapons
  1763 | D:3      | Found a glowing silver altar of Zin.
  1763 | D:3      | Found a burning altar of Makhleb.
  1764 | D:3      | Noticed a balrug
  1764 | D:3      | Noticed an angel
  1820 | D:3      | Found a transporter.
  1845 | D:3      | Found a transporter.
  1847 | D:3      | Noticed qw's ghost (amateur DEHu)
  1939 | D:3      | 1939 ||| UPGRADING to amulet of guardian spirit.
  1944 | D:3      | 1944 ||| READING 3 scrolls of identify.
  1944 | D:3      | 1944 ||| IDENTIFYING glowing black potion
  1945 | D:3      | 1945 ||| READING 2 scrolls of identify.
  1945 | D:3      | 1945 ||| IDENTIFYING scroll labelled KAKAEZO HAUMMI
  1946 | D:3      | 1946 ||| DROPPING scroll of noise.
  1947 | D:3      | 1947 ||| DROPPING potion of magic.
  1965 | D:4      | 1965 ||| STAIRDANCE
  1975 | D:4      | 1975 ||| STAIRDANCE
  1987 | D:4      | Noticed a gnoll sergeant
  1988 | D:4      | 1988 ||| STAIRDANCE
  2004 | D:4      | Noticed Menkaure
  2005 | D:4      | 2005 ||| STAIRDANCE
  2019 | D:4      | 2019 ||| DRINKING potion of haste.
  2022 | D:4      | Reached XP level 5. HP: 25/29 MP: 5/7
  2022 | D:4      | 2022 ||| STAIRDANCE
  2099 | D:4      | 2099 ||| STAIRDANCE
  2104 | D:4      | 2104 ||| STAIRDANCE
  2104 | D:4      | HP: 6/29 [poisoned by a gnoll]
  2105 | D:3      | Succumbed to a gnoll's poison

Levels and vault maps discovered:
D:1:      scummos_arrival_star, layout_loops_ring, minmay_rat_gold_closets
D:2:      layout_loops_corners, serial_shops, shop, shop,
          nicolae_shop_mannequins, nicolae_shop_bloodbath_and_beyond,
          nicolae_shop_window_shopping
D:3:      layout_rooms, grunt_temple_overflow_order_and_chaos_2,
          gammafunk_ghost_mausoleum, serial_park_tiny_1
D:4:      layout_cave_pools, gammafunk_ghost_smash, serial_shops, shop,
          uniq_menkaure, uniq_eustachio

Skill      XL: |  1  2  3  4 |
---------------+-------------+-----
Ranged Weapons | 6 7 8 |  8.4
Fighting       | |  1.5
Dodging        | |  2.4
Stealth        | |  1.2

Action                     |  1- 3 |  4- 6 || total
---------------------------+-------+-------++-------
   Fire: Shortbow          |   102 |    73 ||   175
    Use: Scroll            |     9 |     3 ||    12
         Potion            |     1 |     2 ||     3
 Armour: Leather armour    |    25 |       ||    25
         Ring mail         |    16 |    46 ||    62
  Dodge: Dodged            |    61 |    38 ||    99

Table legend:
 A = Non-vault XP
 B = Vault XP
 C = Vault XP percentage of total XP
 D = Non-vault monster count
 E = Vault monster count
 F = Vault count percentage of total count
                 A         B        C        D         E       F
            +---------+---------+-------+---------+---------+-------
      Total |     200 |       6 |   2.9 |      56 |       6 |   9.7
            +---------+---------+-------+---------+---------+-------
        D:1 |      37 |       6 |  14.0 |      13 |       6 |  31.6
        D:2 |      56 |       0 |   0.0 |      24 |       0 |   0.0
        D:3 |      93 |       0 |   0.0 |      18 |       0 |   0.0
        D:4 |      14 |       0 |   0.0 |       1 |       0 |   0.0
            +---------+---------+-------+---------+---------+-------
